 Dungeon Crawl Stone Soup version 0.26-a0-830-g2a559e7be2 (webtiles) character file.

Game seed: 8408917029031056927

24564 Gaden the Geomancer (level 13, -5/78 HPs)
             Began as a Gargoyle Earth Elementalist on Nov 15, 2020.
             Was a Priest of Vehumet.
             Killed by divine providence
             ... invoked by a meliai
              (12 damage)
             ... on level 14 of the Dungeon.
             The game lasted 00:41:43 (16393 turns).

Gaden the Geomancer (Gargoyle Earth Elementalist)  Turns: 16393, Time: 00:41:44

Health: -5/78      AC: 20    Str: 19    XL:     13   Next: 13%
Magic:  33/34      EV: 14    Int: 20    God:    Vehumet [***...]
Gold:   429        SH:  0    Dex: 10    Spells: 14/28 levels left

rFire    . . .     SeeInvis .   G - +3 mace of Dust {drain, rN+}
rCold    . . .     Faith    .   (no shield)
rNeg     + + +     Spirit   .   q - +1 leather armour {rF+}
rPois    ∞         Reflect  .   (no helmet)
rElec    +         Harm     .   w - +2 cloak {rCorr}
rCorr    +         Rampage  .   B - +0 pair of gloves (curse)
MR       .....                  p - +0 pair of boots
Stlth    ++........             (no amulet)
HPRegen  0.23/turn              h - ring of positive energy
MPRegen  0.24/turn              z - ring of Weogoquw {rF- MP+9 Str+6}

@: about to teleport, very slightly contaminated, invisible
A: negative energy resistance 1, electricity resistance, unbreathing,
petrification resistance, rot immunity, AC +9
a: Renounce Religion


You were on level 14 of the Dungeon.
You worshipped Vehumet.
Vehumet was most pleased with you.
You visited 2 branches of the dungeon, and saw 15 of its levels.
You also visited: Bailey.

You collected 1047 gold pieces.
You spent 618 gold pieces at shops.

Inventory:

Hand Weapons
 r - a +6 mace
 y - a +0 morningstar
 G - the +3 mace of Dust (weapon) {drain, rN+}
   (You took it off a centaur on level 13 of the Dungeon)

   A truly terrible weapon, it drains the life of those it strikes.
   It protects you from negative energy.
Missiles
 b - 273 stones (quivered)
Armour
 p - a +0 pair of boots (worn)
 q - a +1 leather armour of fire resistance (worn)
 w - a +2 cloak of preservation (worn)
 B - a cursed +0 pair of gloves (worn)
Magical Staves
 C - an uncursed staff of fire {unknown}
Jewellery
 h - a ring of positive energy (left hand)
 l - an uncursed ring of fire
 z - the ring of Weogoquw (right hand) {rF- MP+9 Str+6}
   (You bought it in a shop on level 8 of the Dungeon)

   [ring of magical power]

   It affects your strength (+6).
   It makes you vulnerable to fire.
   It affects your magic capacity (+9).
Wands
 c - a wand of random effects (39)
 n - a wand of acid (5)
 s - a wand of flame (17)
 x - a wand of enslavement (6)
Scrolls
 d - 4 scrolls of fear
 g - 2 scrolls of amnesia
 i - 10 scrolls of teleportation
 m - a scroll of magic mapping
 o - 5 scrolls of remove curse
 F - a scroll of holy word
Potions
 a - a potion of magic
 e - 3 potions of flight
 f - a potion of ambrosia
 j - 7 potions of curing
 k - 2 potions of cancellation
 t - 2 potions of might
 u - a potion of invisibility
 v - a potion of attraction
 A - a potion of haste
Miscellaneous
 E - a tin of tremorstones (2/2)


   Skills:
 + Level 7.9 Fighting
 + Level 7.2 Maces & Flails
 - Level 6.0 Armour
 + Level 6.2 Dodging
 - Level 2.1 Stealth
 + Level 8.4 Spellcasting
 + Level 9.3 Conjurations
   Level 0.7 Transmutations
 * Level 4.6 Fire Magic
 + Level 11.1 Earth Magic
 + Level 5.9 Evocations


You had 14 spell levels left.
You knew the following spells:

 Your Spells              Type           Power        Failure   Level
a - Sandblast             Erth           ######       1%          1
b - Stone Arrow           Conj/Erth      #####.       1%          3
c - Lee's Rapid Deconstr  Erth           ######....   1%          5
d - Fireball              Conj/Fire      #####.....   4%          5

Your spell library contained the following spells:

 Spells                   Type           Power        Failure   Level
 Ignite Poison            Fire/Tmut/Pois ###.....     4%          3
 Foxfire                  Conj/Fire      ####         1%          1
 Shock                    Conj/Air       ####         1%          1
 Passwall                 Tmut/Erth      ####....     1%          2
 Conjure Flame            Conj/Fire      #####...     1%          3
 Dazzling Flash           Conj/Hex       ####..       1%          3
 Static Discharge         Conj/Air       ####....     1%          3
 Sticky Flame             Conj/Fire      #####...     1%          4
 Inner Flame              Hex/Fire       ###.....     3%          3
 Petrify                  Tmut/Erth      ####....     9%          4
 Corona                   Hex            #......      10%         1
 Lightning Bolt           Conj/Air       ####......   11%         5
 Ensorcelled Hibernation  Hex/Ice        #.....       14%         2
 Swiftness                Air            #.......     14%         2
 Airstrike                Air            #.........   24%         4
 Confusing Touch          Hex            #.......     28%         3
 Tukima's Dance           Hex            #.......     28%         3
 Ignition                 Fire           ####......   100%        8
 Shatter                  Erth           ######....   100%        9
 Tornado                  Air            #.........   100%        9


Dungeon Overview and Level Annotations

Branches:
Dungeon (14/15)            Temple (1/1) D:7            Lair (0/6) D:8
    Orc (0/2) D:11         Bailey (visited)
 Vaults: D:13-14

Altars:
Ashenzari
Cheibriados
Dithmenos
Elyvilon
Fedhas
Gozag
Hepliaklqana
Kikubaaqudgha
Makhleb
Nemelex Xobeh
Okawaru
Qazlal
Ru
Sif Muna
Trog
Uskayaw
Vehumet
Wu Jian
Xom
Yredelemnul
Zin
The Shining One

Shops:
D:4 (   D:8 }:*(   D:13 ?

Annotations:
D:8 3 runed translucent doors, stillor's ghost, novice OpTm


Innate Abilities, Weirdness & Mutations

You are resistant to torment.
Your stone body is resilient. (AC +9)
You are immune to poison.
You resist negative energy. (rN+)
You are resistant to electric shocks. (rElec)
You can survive without breathing.
You are immune to petrification.
You are immune to rotting.


Message History

* * * LOW HITPOINT WARNING * * *
The killer bee barely misses you. The killer bee closely misses you.
The killer bee barely misses you. x4
You are very lightly contaminated with residual magic.
As you read the scroll of teleportation, it crumbles to dust.
You feel strangely unstable. The meliai hits you but does no damage.
The meliai barely misses you.
The killer bee stings you but does no damage.
The killer bee closely misses you. x2; The killer bee barely misses you.
The killer bee stings you!
* * * LOW HITPOINT WARNING * * *
The killer bee misses you.
The killer bee stings you but does no damage.
The killer bee misses you. The meliai closely misses you.
The meliai stings you!
* * * LOW HITPOINT WARNING * * *
The killer bee closely misses you. The killer bee completely misses you.
The meliai invokes the aid of its god against you.
Something smites you!
You die...

######+########
#....†.†......#
#!....y......!#
#....yyyy..!..#
#...yyCyyy....#
#††!yyy@yyy...#
#....yyyyy....#
#†.†..yyyy..!.+
#.........y...#
#..†......D...#
###############


You could see a cyclops, a queen bee, an acid dragon, 3 meliai and 22 killer
bees.

Vanquished Creatures
  A rakshasa (D:13)
  2 hydras
  Harold (D:11)
  2 boulder beetles
  4 two-headed ogres
  An ogre mage (D:14)
  An unseen horror (D:10)
  An orc knight (D:14)
  5 ugly things
  A manticore (D:12)
  2 cyclopes
  An elephant (D:8)
  A gargoyle (D:12)
  Joseph (D:7)
  A kobold demonologist (D:12)
  3 yaktaurs (D:14)
  A komodo dragon (D:12)
  2 trolls
  A hornet (D:12)
  A shadow (D:12)
  2 wraiths
  9 yaks
  2 basilisks
  Menkaure (D:7)
  4 vampire mosquitoes (D:13)
  Duvessa (D:7)
  3 soldier ants
  A water moccasin (D:9)
  2 orc warriors
  2 ice beasts (D:10)
  3 sky beasts
  2 phantoms
  A black bear (D:8)
  A necrophage (D:6)
  12 ogres
  11 centaurs
  4 big kobolds
  7 bullfrogs
  Dowan (D:7)
  A scorpion (D:14)
  24 killer bees
  6 wights
  3 howler monkeys
  2 centaur zombies
  2 bullfrog zombies
  2 quasits
  7 hounds
  2 jellies
  4 orc priests
  15 orc wizards
  Crazy Yiuf (D:7)
  A bullfrog skeleton (D:12)
  3 centaur skeletons
  4 iguanas
  9 worker ants
  A statue (D:9)
  2 hound skeletons
  A howler monkey skeleton (D:11)
  A worker ant zombie (D:6)
  9 gnolls
  10 adders
  2 shadow imps
  5 white imps
  3 ufetubi
  An adder zombie (D:5)
  2 adder skeletons
  4 worms
  A dart slug (Bailey)
  8 leopard geckos
  41 orcs
  2 ball pythons
  3 giant cockroaches
  10 goblins
  10 hobgoblins
  13 jackals
  4 quokkas
  7 bats
  8 frilled lizards
  A jackal skeleton (D:7)
  43 kobolds
  A leopard gecko skeleton (D:9)
  10 rats
391 creatures vanquished.

Vanquished Creatures (others)
  A yak (D:8)
1 creature vanquished.

Grand Total: 392 creatures vanquished

Notes
Turn   | Place    | Note
-------+----------+-------------------------------------------
     0 | D:1      | Gaden the Gargoyle Earth Elementalist began the quest for
                  | the Orb.
     0 | D:1      | Reached XP level 1. HP: 10/10 MP: 3/3
   251 | D:1      | Reached XP level 2. HP: 9/15 MP: 5/5
   395 | D:1      | Reached skill level 4 in Earth Magic
  1099 | D:2      | Reached XP level 3. HP: 11/19 MP: 1/6
  1239 | D:1      | Learned a level 3 spell: Stone Arrow
  1552 | D:2      | Reached skill level 1 in Conjurations
  1575 | D:2      | Reached XP level 4. HP: 24/24 MP: 3/8
  2453 | D:3      | Found a broken altar of Ashenzari.
  2479 | D:3      | Reached skill level 5 in Earth Magic
  2674 | D:3      | Reached XP level 5. HP: 25/28 MP: 9/9
  3167 | D:4      | Noticed an ogre
  3171 | D:4      | Killed an ogre
  3172 | D:4      | Reached XP level 6. HP: 32/32 MP: 4/11
  3289 | D:4      | Noticed a phantom
  3339 | D:4      | Killed a phantom
  3340 | D:4      | Reached skill level 6 in Earth Magic
  3356 | D:4      | Reached XP level 7. HP: 26/36 MP: 1/13
  3873 | D:4      | Found Widghel's Weapon Shop.
  3910 | D:4      | Found a burning altar of Makhleb.
  4037 | D:5      | Entered Level 5 of the Dungeon
  4358 | D:5      | Learned a level 5 spell: Lee's Rapid Deconstruction
  4475 | D:5      | Reached skill level 7 in Earth Magic
  4599 | D:5      | Reached XP level 8. HP: 24/42 MP: 15/15
  4792 | D:5      | Reached skill level 5 in Spellcasting
  4794 | D:5      | Reached skill level 1 in Fighting
  4794 | D:5      | Reached skill level 1 in Armour
  4795 | D:5      | Reached skill level 1 in Maces & Flails
  5202 | D:6      | Reached skill level 5 in Conjurations
  6049 | D:6      | Reached XP level 9. HP: 49/49 MP: 13/17
  6376 | D:7      | Noticed Duvessa
  6379 | D:7      | Noticed Menkaure
  6379 | D:7      | Noticed Dowan
  6382 | D:7      | Killed Duvessa
  6384 | D:7      | Killed Dowan
  6701 | D:7      | Reached skill level 1 in Evocations
  6705 | D:7      | Killed Menkaure
  6706 | D:7      | Reached skill level 8 in Earth Magic
  7175 | D:7      | Found a runed translucent door.
  7176 | D:7      | Noticed Crazy Yiuf
  7182 | D:7      | Killed Crazy Yiuf
  7317 | D:7      | Found a staircase to the Ecumenical Temple.
  7328 | Temple   | Entered the Ecumenical Temple
  7556 | D:7      | Noticed Joseph
  7581 | D:7      | Killed Joseph
  7912 | D:8      | Found Evin's Assorted Antiques.
  7915 | D:8      | Found a flagged portal.
  7917 | D:8      | Bought an iron wand for 96 gold pieces
  7917 | D:8      | Bought a twisted wooden wand for 96 gold pieces
  7917 | D:8      | Bought a scorched amber ring for 120 gold pieces
  7917 | D:8      | Bought a yellow potion for 21 gold pieces
  7917 | D:8      | Bought a bubbling coppery potion for 21 gold pieces
  7917 | D:8      | Bought a scroll labelled NUABEW JUTSIYV for 24 gold pieces
  7918 | D:8      | Identified the ring of Weogoquw {rF- MP+9 Str+6} (You
                  | bought it in a shop on level 8 of the Dungeon)
  7975 | Bailey   | Entered a bailey
  7995 | Bailey   | Noticed an orc knight
  8407 | Bailey   | an orc knight changed into an ogre
  8802 | D:8      | Found a staircase to the Lair.
  8802 | D:8      | Noticed an elephant
  8820 | D:8      | Reached XP level 10. HP: 28/57 MP: 17/19
  8854 | D:8      | Killed an elephant
  9135 | D:8      | Found Xuvae's Gadget Emporium.
  9137 | D:8      | Found a runed translucent gate.
  9137 | D:8      | Found a runed translucent gate.
  9137 | D:8      | Found a runed translucent gate.
  9179 | D:8      | Noticed stillor's ghost (novice OpTm)
  9279 | D:8      | Found a white marble altar of Elyvilon.
  9288 | D:8      | Found an iron altar of Okawaru.
  9288 | D:8      | Found a basalt altar of Yredelemnul.
  9289 | D:8      | Found a sacrificial altar of Ru.
  9423 | D:8      | Found Quetuech's Antique Weapon Shoppe.
  9458 | D:8      | Found Buroik's Book Boutique.
  9814 | D:9      | Noticed a boulder beetle
 10024 | D:9      | Found an ancient bone altar of Kikubaaqudgha.
 10560 | D:9      | Reached skill level 9 in Earth Magic
 10681 | D:9      | Noticed a two-headed ogre
 10688 | D:9      | Killed a two-headed ogre
 10689 | D:9      | Reached skill level 5 in Fighting
 10851 | D:9      | Found an opulent altar of Gozag.
 10986 | D:9      | Killed a boulder beetle
 10987 | D:9      | Reached skill level 5 in Armour
 11164 | D:9      | Found a radiant altar of Vehumet.
 11175 | D:9      | Became a worshipper of Vehumet
 11313 | D:9      | Reached XP level 11. HP: 64/64 MP: 21/21
 11358 | D:10     | Entered Level 10 of the Dungeon
 11621 | D:10     | Reached skill level 5 in Maces & Flails
 11640 | D:10     | Reached * piety under Vehumet
 11640 | D:10     | Offered knowledge of Magic Dart by Vehumet.
 12138 | D:11     | Found a staircase to the Orcish Mines.
 12190 | D:10     | Killed an unseen horror
 12435 | D:11     | Noticed a cyclops
 12525 | D:11     | Killed a cyclops
 12698 | D:11     | Noticed a red ugly thing
 12699 | D:11     | Noticed Harold
 12714 | D:11     | Killed a brown ugly thing
 12719 | D:11     | Killed Harold
 12720 | D:11     | Reached skill level 5 in Dodging
 12897 | D:11     | Reached skill level 10 in Earth Magic
 13207 | D:12     | Reached ** piety under Vehumet
 13207 | D:12     | Offered knowledge of Shock by Vehumet.
 13209 | D:12     | Noticed a four-headed hydra
 13216 | D:12     | Killed a four-headed hydra
 13247 | D:12     | Noticed a boulder beetle
 13404 | D:12     | Reached XP level 12. HP: 71/71 MP: 23/23
 13407 | D:12     | Killed a boulder beetle
 13782 | D:12     | Reached skill level 5 in Evocations
 14117 | D:12     | Learned a level 5 spell: Fireball
 14217 | D:12     | Reached skill level 1 in Fire Magic
 14543 | D:13     | Noticed a seven-headed hydra
 14549 | D:13     | Killed a seven-headed hydra
 14682 | D:13     | Identified a scroll of acquirement
 14682 | D:13     | Acquired a book of the Tempests
 14712 | D:13     | Offered knowledge of Frozen Ramparts by Vehumet.
 14840 | D:13     | Noticed a two-headed ogre
 14846 | D:13     | Killed a two-headed ogre
 14996 | D:13     | Found a sacrificial altar of Ru.
 15015 | D:13     | Noticed a rakshasa
 15023 | D:13     | Killed a rakshasa
 15023 | D:13     | Reached *** piety under Vehumet
 15435 | D:13     | Found Jainweot's Magic Scroll Boutique.
 15441 | D:13     | Bought a scroll of immolation for 56 gold pieces
 15441 | D:13     | Bought a scroll of identify for 32 gold pieces
 15441 | D:13     | Bought a scroll of identify for 32 gold pieces
 15441 | D:13     | Bought a scroll of holy word for 120 gold pieces
 15475 | D:13     | Identified the +3 mace of Dust {drain, rN+}
 16139 | D:14     | Noticed a two-headed ogre
 16139 | D:14     | Noticed an ogre mage
 16140 | D:14     | Noticed a two-headed ogre
 16141 | D:14     | Killed an ogre mage
 16145 | D:14     | Killed a two-headed ogre
 16145 | D:14     | Killed a two-headed ogre
 16171 | D:14     | Reached XP level 13. HP: 39/78 MP: 1/25
 16348 | D:14     | Reached skill level 11 in Earth Magic
 16350 | D:14     | Offered knowledge of Ignite Poison by Vehumet.
 16393 | D:14     | Killed from afar by a meliai

Illustrated notes

Levels and vault maps discovered:
D:1:      dpeg_arrival_shrine, layout_rooms, serial_forest,
          infiniplex_forest_diagonal, infiniplex_forest_end_3,
          infiniplex_forest_corner_1, infiniplex_forest_straight_4,
          infiniplex_forest_clump_cross, infiniplex_forest_clump_diagonal,
          infiniplex_forest_straight_3, infiniplex_forest_corner_1
D:2:      layout_rooms, minivault_14
D:3:      layout_rooms, roderic_roman_lattice, lemuel_statue_altar
D:4:      layout_rooms, lightli_temple_of_fire, serial_shops,
          nicolae_shop_window_shopping, kennysheep_generic_room_11
D:5:      layout_loops_ring, kennysheep_generic_room_13
D:6:      layout_gridville
D:7:      layout_rooms, minmay_temple_entry_trees, minivault_14, uniq_joseph,
          uniq_duvessa, uniq_crazy_yiuf_cottage, uniq_menkaure
D:8:      layout_basic, chequers_temple_overflow_statue_of_worship,
          david_lair_generic, gammafunk_ghost_icy, serial_shops, shop,
          shop_statue, shop, shop_statue, enter_bailey_2
D:9:      layout_stronghold, nicolae_gozag_cash_rules_everything_around_me,
          vehumet_statue, basic_altar
D:10:     layout_basic
D:11:     layout_rooms, orc_0_dummy, hangedman_decor_clover_reticule,
          uniq_harold
D:12:     layout_cave_pools, minmay_fractal_squares_diagonal_5
D:13:     minmay_wavy_crystal, layout_irregular_city, serial_shops, shop,
          nicolae_ru_awakened_eye
D:14:     layout_roguey [special_room_bee],
          hangedman_vaults_entry_quadrant_bands, serial_shops,
          nicolae_shop_temple_entry_statues_fountains, nicolae_wwwww
Temple:   regret_index_temple_waves

Skill      XL: |  1  2  3  4  5  6  7  8  9 10 11 12 13 |
---------------+----------------------------------------+-----
Earth Magic    | 4 5 6 7 8 9 10 11 | 11.1
Conjurations   | 1 2 3 4 5 6 7 8 9 |  9.3
Spellcasting   | 3 4 5 6 7 8 |  8.4
Fighting       | 2 4 5 6 7 |  7.9
Armour         | 2 3 5 6 |  6.0
Maces & Flails | 2 3 4 6 7 |  7.2
Dodging        | 2 3 4 5 6 |  6.2
Evocations     | 2 3 4 5 |  5.9
Fire Magic     | 4 |  4.6
Stealth        | |  2.1
Transmutations | |  0.7

Action                   |  1- 3 |  4- 6 |  7- 9 | 10-12 | 13-15 || total
-------------------------+-------+-------+-------+-------+-------++-------
Melee: Dagger            |   118 |       |       |       |       ||   118
       Unarmed           |     2 |       |       |       |       ||     2
       Short sword       |     4 |   176 |   178 |       |       ||   358
       Mace              |       |       |   113 |   336 |       ||   449
 Cast: Sandblast         |    18 |    44 |    85 |    65 |       ||   212
       Stone Arrow       |       |     1 |    16 |    23 |     1 ||    41
       Lee's Rapid Decon |       |       |    19 |    57 |     3 ||    79
Evoke: Wand              |       |       |    17 |    17 |       ||    34
  Use: Scroll            |       |     9 |    11 |     7 |     3 ||    30
       Potion            |       |     1 |     4 |     2 |     2 ||     9
 Stab: Sleeping          |     2 |     1 |     2 |       |       ||     5
Armor: Robe              |    37 |    82 |    55 |       |       ||   174
       Leather armour    |       |       |   155 |   264 |    12 ||   431
Dodge: Dodged            |    64 |   170 |   269 |   358 |    30 ||   891

Table legend: (Time is in decaauts)
 A = Elapsed time spent in this place.
 B = Non-inter-level travel time spent in this place.
 C = Inter-level travel time spent in this place.
 D = Time resting spent in this place.
 E = Time spent auto-exploring this place.
 F = Levels seen in this place.
 G = Mean time per level.
                   A        B        C        D        E       F      G
               +--------+--------+--------+--------+--------+-----+--------+
         Total |  16515 |  16024 |    491 |   3775 |   9090 |  16 | 1032.2 |
       Dungeon |  15556 |  15094 |    462 |   3353 |   8864 |  14 | 1111.1 |
        Temple |    152 |    123 |     29 |      0 |    123 |   1 |  152.0 |
        Bailey |    806 |    806 |      0 |    422 |    103 |   1 |  806.0 |
               +--------+--------+--------+--------+--------+-----+--------+

Top non-repeatable levels by time:
    D:12: 1640 daAuts
     D:6: 1550 daAuts
     D:8: 1410 daAuts
     D:9: 1261 daAuts
    D:13: 1246 daAuts
     D:1: 1123 daAuts
     D:7: 1107 daAuts
    D:10: 1105 daAuts
     D:5: 1104 daAuts
     D:2: 1064 daAuts
     D:4: 974 daAuts
     D:3: 897 daAuts
  Bailey: 806 daAuts
    D:11: 682 daAuts
    D:14: 386 daAuts
